 Dungeon Crawl Stone Soup version 0.17-a0-484-g0e03f6a (webtiles) character file.

99 Magnus the Ducker (level 5, -8/30 HPs)
             Began as a Kobold Arcane Marksman on Apr 11, 2015.
             Killed from afar by Natasha (12 damage)
             ... with a wand of flame
             ... on level 2 of the Dungeon.
             The game lasted 00:09:52 (1900 turns).

Magnus the Ducker (Kobold Arcane Marksman)          Turns: 1900, Time: 00:09:52

Health: -8/30      AC:  2    Str:  9    XL:     5   Next: 2%
Magic:  8/8        EV: 11    Int: 11    God:
Gold:   41         SH:  0    Dex: 17    Spells: 2 memorised, 5 levels left

rFire  . . .     SeeInvis .     b - +0 hand crossbow
rCold  . . .     Clarity  .     a - +0 robe
rNeg   . . .     SustAb   .     (shield restricted)
rPois  .         Gourm    .     (no helmet)
rElec  .         Spirit   .     (no cloak)
rCorr  .         Warding  .     (no gloves)
rMut   .         Stasis   .     (no boots)
MR     .....                    (no amulet)
Stlth  ++........               (no ring)
                                (no ring)

@: not resistant to hostile enchantments, unstealthy
A: carnivore 3
a: no special abilities


You were on level 2 of the Dungeon.
You were full.

You visited 1 branch of the dungeon, and saw 2 of its levels.

You collected 41 gold pieces.

Inventory:

Hand weapons
 b - a +0 hand crossbow (weapon)
Missiles
 c - 6 bolts (quivered)
Armour
 a - a +0 robe (worn)
Scrolls
 j - a scroll of noise
 m - a scroll of magic mapping {unknown}
Potions
 g - a potion of lignification {unknown}
 h - a potion of agility {unknown}
 i - a potion of curing {unknown}
Books
 d - a book of Debilitation

   Spells                             Type                      Level
   a - Corona                         Hexes                        1
   b - Slow                           Hexes                        2
   c - Gell's Gravitas                Hexes/Translocation          3
   d - Inner Flame                    Hexes/Fire                   3
   e - Cause Fear                     Hexes                        4
   f - Leda's Liquefaction            Hexes/Earth                  4
Comestibles
 f - 2 meat rations


   Skills:
 + Level 2.1 Fighting
 + Level 2.9 Crossbows
 + Level 3.7 Dodging
 + Level 2.1 Spellcasting
 + Level 3.4 Hexes


You had 5 spell levels left.
You knew the following spells:

 Your Spells              Type           Power        Failure   Level  Hunger
a - Corona                Hex            #......      10%         1    ##.....
b - Slow                  Hex            #.......     14%         2    ###....


Dungeon Overview and Level Annotations

Branches:
Dungeon (2/15)

Altars:

Annotations:
D:2 Natasha


Innate Abilities, Weirdness & Mutations

You are small and have problems with some larger weapons.
You are carnivorous and can eat meat at any time.


Message History

You kill the hobgoblin!
Natasha stares at you and mumbles some strange words.
You resist with some effort.
A bat comes into view.
Natasha zaps a wand.
The puff of flame hits you!
It is a wand of flame.
Natasha gestures.
You have a terrible headache.
Natasha mumbles some strange words.
You see here a ring mail.
The adder misses you. The adder misses you.
Natasha zaps a wand.
The puff of flame misses you. The adder bites you.
Natasha zaps a wand.
The puff of flame hits you!
Natasha zaps a wand.
The puff of flame hits you!
* * * LOW HITPOINT WARNING * * *
The adder closely misses you.
Natasha zaps a wand.
The puff of flame hits you!
* * * LOW HITPOINT WARNING * * *
There is a stone staircase leading down here.
The adder barely misses you.
Natasha zaps a wand.
The puff of flame hits you!
You die...

###### #....#
#.##.#########
#)##.........# ###
#.##.......#.#####.#
#.##.@.............###
#.##S...h....).รท......
#.##.####..##.......##
#.##.# #......[....#
#.##.####.###.......#
#..#......# #....h..#
##.######## #....5..##
#.##.....# #........#
#.##.###.# #......#.#


You could see Natasha and an adder.

Vanquished Creatures
  Natasha (D:2)
  2 adders (D:2)
  A worm (D:2)
  A giant cockroach (D:2)
  6 hobgoblins
  10 jackals
  A ball python (D:1)
  7 bats
  3 giant newts
  5 goblins
  9 kobolds
  2 rats (D:1)
48 creatures vanquished.

Notes
Turn   | Place    | Note
--------------------------------------------------------------
     0 | D:1      | Magnus, the Kobold Arcane Marksman, began the quest for the Orb.
     0 | D:1      | Reached XP level 1. HP: 12/12 MP: 2/2
   240 | D:1      | Reached XP level 2. HP: 16/16 MP: 4/4
   634 | D:1      | Reached XP level 3. HP: 20/20 MP: 2/5
   922 | D:1      | Learned a level 2 spell: Slow
  1305 | D:2      | Reached XP level 4. HP: 26/26 MP: 4/7
  1583 | D:2      | Noticed Natasha
  1592 | D:2      | Killed Natasha
  1785 | D:2      | Reached XP level 5. HP: 30/30 MP: 8/8
  1873 | D:2      | Noticed Natasha
  1900 | D:2      | Killed from afar by Natasha

Action                   |  1- 3 |  4- 6 || total
-------------------------+-------+-------++-------
Melee: Hand crossbow     |     9 |       ||     9
       Short sword       |       |     1 ||     1
 Fire: Hand crossbow     |    62 |    42 ||   104
 Cast: Corona            |    14 |     5 ||    19
       Slow              |       |     3 ||     3
  Use: Scroll            |       |     2 ||     2
  Eat: Chunk             |     7 |     3 ||    10
